 Dungeon Crawl Stone Soup version 0.28.0-47-ge53b351184 (webtiles) character file.

Game seed: 10142072224137166238

50 nickcage the Gusty (level 3, 0/19 HPs)
             Began as a Deep Elf Air Elementalist on May 10, 2022.
             Slain by Crazy Yiuf
             ... wielding a +2 quarterstaff of chaos
              (2 damage)
             ... on level 2 of the Dungeon.
             The game lasted 00:03:16 (1470 turns).

nickcage the Gusty (Deep Elf Air Elementalist)      Turns: 1470, Time: 00:03:17

Health: 0/19       AC:  2    Str:  5    XL:     3   Next: 55%
Magic:  5/10       EV: 12    Int: 21    God:
Gold:   56         SH:  0    Dex: 15    Spells: 3/9 levels left

rFire   . . .      SeeInvis .   c - +0 spear
rCold   . . .      Faith    .   (no shield)
rNeg    . . .      Spirit   .   a - +0 robe
rPois   .          Reflect  .   (no helmet)
rElec   .          Harm     .   (no cloak)
rCorr   .          Rampage  .   (no gloves)
Will    .....                   (no boots)
Stlth   ++........              (no amulet)
HPRegen 0.06/turn               (no ring)
MPRegen 0.12/turn               (no ring)

@: no status effects
A: no striking features
a: no special abilities


You were on level 2 of the Dungeon.
You visited 1 branch of the dungeon, and saw 2 of its levels.

You collected 56 gold pieces.

Inventory:

Hand Weapons
 c - a +0 spear (weapon)
Armour
 a - a +0 robe (worn)
Scrolls
 b - a scroll of immolation {unknown}
 d - 2 scrolls of teleportation {unknown}
 e - a scroll of enchant weapon {unknown}
 g - a scroll of blinking {unknown}
Potions
 f - a potion of flight {unknown}


   Skills:
 - Level 2.4 Dodging
 - Level 2.4 Stealth
 + Level 3.8 Spellcasting
 + Level 1.5 Conjurations
 * Level 4.1 Air Magic


You had 3 spell levels left.
You knew the following spells:

 Your Spells              Type           Power      Damage    Failure   Level
a - Shock                 Conj/Air       60%        1d6       3%          1
b - Static Discharge      Conj/Air       15%        N/A       6%          2
c - Swiftness             Air            21%        N/A       7%          3

Your spell library contained the following spells:

 Spells                   Type           Power      Damage    Failure   Level
 Airstrike                Air            10%        N/A       22%         4


Dungeon Overview and Level Annotations

Branches:
Dungeon (2/15)

Altars:

Shops:
D:1 ?

Annotations:
D:2 Crazy Yiuf


Message History

Found a club.
This spell is extremely dangerous to cast!
Memorise Swiftness, consuming 3 spell levels and leaving 3?
You start memorising the spell.
You continue memorising. x3
You finish memorising.
Spell assigned to 'c'.
Found a stone staircase leading up.
A hobgoblin comes into view.
The zap hits the hobgoblin.
The hobgoblin is almost dead.
The hobgoblin shouts!
The zap hits the hobgoblin.
You kill the hobgoblin!
You see here a +0 club.
You see here a +0 club.
Found a mace.
Found a runed translucent door.
You open the door.
Crazy Yiuf shouts!
The zap hits Crazy Yiuf but does no damage.
The zap hits Crazy Yiuf.
Crazy Yiuf is moderately wounded.
The zap misses Crazy Yiuf.
The zap hits Crazy Yiuf.
Crazy Yiuf is moderately wounded.
Crazy Yiuf says, "Leather shoe shoe!"
The zap hits Crazy Yiuf.
Crazy Yiuf is heavily wounded.
Crazy Yiuf hits you with a +2 quarterstaff of chaos!
Ouch! That really hurt!
Crazy Yiuf freezes you.
You are too injured to fight recklessly!
Casting: Static Discharge (safe; 6% risk of failure)
Press: ? - help, Q - select action, (/) - cycle Dir - look around, f - activate Look: Crazy Yiuf, wielding a +2 quarterstaff of chaos and wearing a +0 cloak (heavily wounded) Crazy Yiuf is struck by an arc of lightning.
Crazy Yiuf is severely wounded.
The lightning grounds out.
Crazy Yiuf says, "Snurf sizzlefizz sizzlefizz!"
Crazy Yiuf hits you with a +2 quarterstaff of chaos.
* * * LOW HITPOINT WARNING * * *
Crazy Yiuf burns you.
You die...

#....####
#.# #....#
#.# #P...#
#.# ##.P.#
.# ##.## ##
##.# #.##
##.# #@##
#g# ...
#...# #)..#
#####
############
#....†....##
#########.##


You could see Crazy Yiuf.

Vanquished Creatures
  2 adders (D:2)
  2 worms (D:2)
  A dart slug (D:2)
  A giant cockroach (D:1)
  4 hobgoblins
  2 kobolds
  A quokka (D:1)
  4 ball pythons
  3 bats
  2 frilled lizards (D:2)
  2 goblins (D:1)
  2 rats
26 creatures vanquished.

Notes
Turn   | Place    | Note
-------+----------+-------------------------------------------
     0 | D:1      | nickcage the Deep Elf Air Elementalist began the quest for
                  | the Orb.
     0 | D:1      | Reached XP level 1. HP: 10/10 MP: 6/6
    55 | D:1      | Found Diusasi's Magic Scroll Boutique.
   452 | D:1      | Reached XP level 2. HP: 15/15 MP: 2/8
   555 | D:1      | Found a faded altar of an unknown god.
   746 | D:2      | Learned a level 2 spell: Static Discharge
  1071 | D:2      | Reached XP level 3. HP: 19/19 MP: 2/10
  1270 | D:2      | Reached skill level 4 in Air Magic
  1384 | D:2      | Learned a level 3 spell: Swiftness
  1462 | D:2      | Found a runed translucent door.
  1463 | D:2      | Noticed Crazy Yiuf
  1470 | D:2      | Slain by Crazy Yiuf

Illustrated notes

Levels and vault maps discovered:
D:1:      giann_bridges, layout_basic, chequers_ecumenical_altar_simple,
          serial_shops, shop
D:2:      layout_loops_ring, small_statue_intersection, uniq_crazy_yiuf_cottage

Skill      XL: |  1  2  3 |
---------------+----------+-----
Air Magic      | 4 |  4.1
Dodging        | |  2.4
Stealth        | |  2.4
Spellcasting   | |  3.8
Conjurations   | |  1.5

Action                   || total
-------------------------++-------
 Cast: Shock             ||    69
       Static Discharge  ||     1
Dodge: Dodged            ||     1
